[Event "*** Titled Tuesday Blitz"]
[Site "Chess.com"]
[Date "2020.05.26"]
[Round "8"]
[White "ChessTraining77"]
[Black "Saloni1299"]
[Result "1-0"]
[WhiteElo "2516"]
[BlackElo "2298"]
[TimeControl "180+1"]
[EndTime "11:35:48 PDT"]
[Termination "ChessTraining77 won by resignation"]

1. e4 e6 2. d4 d5 3. Nc3 Bb4 4. e5 c5 5. a3 Bxc3+ 6. bxc3 Ne7 7. a4 Qc7 8. Nf3 O-O 9. Bd3 b6 10. Bxh7+ Kxh7 11. Ng5+ Kg8 12. Qh5 Rd8 13. Qxf7+ Kh8 14. c4 cxd4 15. Ra3 1-0

[Event "*** Titled Tuesday Blitz"]
[Site "Chess.com"]
[Date "2020.05.26"]
[Round "8"]
[White "Koalaskakistis"]
[Black "Nastya_Rakhmangulova"]
[Result "0-1"]
[WhiteElo "2427"]
[BlackElo "2314"]
[TimeControl "180+1"]
[EndTime "11:36:09 PDT"]
[Termination "Nastya_Rakhmangulova won by resignation"]

1. Nf3 d5 2. g3 c6 3. Bg2 Bg4 4.
h3 Bxf3 5. Bxf3 Nd7 6. O-O h5 7. h4 e6 8. d3 Bd6 9. e4 Qc7 10.
Qe2 Ne7 11. Nd2 O-O-O 12. Bg2 g5 13. hxg5 h4 14. f4 Bc5+ 15. Kh2 hxg3+ 16. Kxg3 dxe4 17. Nxe4 Nf5+ 0-1

[Event "*** Titled Tuesday Blitz"]
[Site "Chess.com"]
[Date "2020.05.26"]
[Round "8"]
[White "Ural_bogatyr"]
[Black "DenLaz"]
[Result "0-1"]
[WhiteElo "2328"]
[BlackElo "2632"]
[TimeControl "180+1"]
[EndTime "11:36:35 PDT"]
[Termination "DenLaz won by resignation"]

1. e4 e5 2. Nf3 Nc6 3. Bc4 Bc5 4. O-O Nf6 5. d4 Bxd4 6. Nxd4 Nxd4 7. Bg5 d6 8. f4 Be6 9. Na3 Qe7 10. fxe5 dxe5 11. c3 Bxc4 12. Nxc4 Ne6 13. Bxf6 Qc5+ 14. Kh1 Qxc4 15.
Bxe5 O-O 16. Qg4 f5 17. Rxf5 Rxf5 18. Qxf5 Rf8 19. b3 Rxf5 20. bxc4 Rxe5 0-1

[Event "*** Titled Tuesday Blitz"]
[Site "Chess.com"]
[Date "2020.05.26"]
[Round "8"]
[White "seastar"]
[Black "Kensei26"]
[Result "0-1"]
[WhiteElo "1981"]
[BlackElo "2238"]
[TimeControl "180+1"]
[EndTime "11:36:50 PDT"]
[Termination "Kensei26 won by resignation"]

1. d4 Nf6 2. c4 c5 3. d5 e6 4. Nc3 exd5 5. cxd5 d6 6. Nf3 g6 7.
Bf4 Bg7 8. h3 O-O 9. e3 Re8 10.
Bd3 Na6 11. a3 Nc7 12. Bc4 a6 13. a4 Rb8 14. Qe2 Ne4 15. O-O-O Bxc3 0-1

[Event "*** Titled Tuesday Blitz"]
[Site "Chess.com"]
[Date "2020.05.26"]
[Round "8"]
[White "vaishali2001"]
[Black "SlavenPastar"]
[Result "1-0"]
[WhiteElo "2600"]
[BlackElo "2397"]
[TimeControl "180+1"]
[EndTime "11:36:51 PDT"]
[Termination "vaishali2001 won by resignation"]

1. e4 b6 2. d4 Bb7 3. Nc3 e6 4. a3 Nf6 5. e5 Ne4 6. Nf3 Nxc3 7. bxc3 d6 8. Bd3 dxe5 9. Nxe5 Bxg2 10. Rg1 Bb7 11.
Qh5 Qe7 12. Bg5 g6 13. Bxe7 gxh5 14. Bf6 Bg7 15. Bxg7 Rg8 16. Bxh7 1-0

[Event "*** Titled Tuesday Blitz"]
[Site "Chess.com"]
[Date "2020.05.26"]
[Round "8"]
[White "TigrVShlyape"]
[Black "GeorgMeier"]
[Result "1/2-1/2"]
[WhiteElo "2861"]
[BlackElo "2981"]
[TimeControl "180+1"]
[EndTime "11:37:10 PDT"]
[Termination "Game drawn by agreement"]

1. d4 e6 2. Bf4 Nf6 3. e3 Be7 4. Nf3 Nh5 5. Bg3 d6 6. c4 Nd7 7. Nc3 b6 8. Bd3 Bb7 9. Be4 c6 10. Nd2 Ndf6 11. Bf3 Nxg3 12. hxg3 h6 13. g4 O-O 14.
Nde4 d5 15. Nxf6+ Bxf6 16. cxd5 cxd5 17. O-O Qe7 18. Qb3 Rfc8 19. Rfc1 1/2-1/2

[Event "*** Titled Tuesday Blitz"]
[Site "Chess.com"]
[Date "2020.05.26"]
[Round "8"]
[White "Jadeit90"]
[Black "Semetey"]
[Result "0-1"]
[WhiteElo "2304"]
[BlackElo "2523"]
[TimeControl "180+1"]
[EndTime "11:37:16 PDT"]
[Termination "Semetey won by resignation"]

1. g3 d5 2. Bg2 Nf6 3. c4 c6 4. cxd5 cxd5 5. Nf3 Nc6 6. O-O Bf5 7. d3 e6 8. Nc3 Be7 9. Qa4 O-O 10. e4 Bg6 11. Nh4 d4 12. Nxg6 hxg6 13. Ne2 e5 14. f4 Nd7 15. f5 g5 16. Qd1 Nc5 17. a3 a5 18. g4 a4 19. Ng3 Qb6 20. Nh5 Na5 21.
f6 Bxf6 22. Nxf6+ gxf6 23. Rf3 Kg7 24. Bd2 Nab3 25. Rb1 Rh8 26. Bb4 Ne6 27. Qf1 Nf4 0-1

[Event "*** Titled Tuesday Blitz"]
[Site "Chess.com"]
[Date "2020.05.26"]
[Round "8"]
[White "RubensCezila"]
[Black "PKCLUB"]
[Result "0-1"]
[WhiteElo "2458"]
[BlackElo "2611"]
[TimeControl "180+1"]
[EndTime "11:37:46 PDT"]
[Termination "PKCLUB won by resignation"]

1. c4 e5 2. Nc3 Bb4 3. Nd5 Bc5 4.
e3 c6 5. Nc3 Nf6 6. Nge2 O-O 7.
b3 d5 8. cxd5 cxd5 9. Na4 Bd6 10. Bb2 Nc6 11. Rc1 Bf5 12. d3 Bg6 13. a3 d4 14. e4 Rc8 15. Qd2 Qe7 16. b4 Nxb4 17. Rxc8 Rxc8 0-1

[Event "*** Titled Tuesday Blitz"]
[Site "Chess.com"]
[Date "2020.05.26"]
[Round "8"]
[White "Ashedu66"]
[Black "tgpgoat"]
[Result "1-0"]
[WhiteElo "2166"]
[BlackElo "2058"]
[TimeControl "180+1"]
[EndTime "11:37:51 PDT"]
[Termination "Ashedu66 won on time"]

1. d4 Nf6 2. Nf3 d5 3. c4 c6 4.
Nc3 e6 5. e3 Be7 6. b3 O-O 7.
Bd3 Nbd7 8. O-O b6 9. Bb2 Bb7 10. Qe2 c5 11. Rad1 dxc4 12. bxc4 Qc7 13. Ne5 Nxe5 14.
dxe5 Nd7 15. f4 Rfd8 16. Ne4 1-0

[Event "*** Titled Tuesday Blitz"]
[Site "Chess.com"]
[Date "2020.05.26"]
[Round "8"]
[White "Nikolaj_6"]
[Black "Ladislav1969"]
[Result "1-0"]
[WhiteElo "2509"]
[BlackElo "2318"]
[TimeControl "180+1"]
[EndTime "11:37:52 PDT"]
[Termination "Nikolaj_6 won by resignation"]

1. e4 c5 2. Nf3 e6 3. d4 cxd4 4.
Nxd4 Nf6 5. Nc3 Nc6 6. Ndb5 Bb4 7. a3 Bxc3+ 8. Nxc3 d5 9. exd5 exd5 10. Bd3 d4 11. Ne2 Bg4 12. O-O O-O 13. Bg5 h6 14. Bh4 g5 15. Bg3 Qd5 16. c4 dxc3 17. Nxc3 Bxd1 18.
Nxd5 Nxd5 19. Rfxd1 Rad8 20. Be4 Nf6 21. Bxc6 bxc6 22.
Bd6 Rfe8 23. f3 Re6 24. Bc5 Rxd1+ 25. Rxd1 Re2 26. Bxa7 Rxb2 27. Bd4 1-0

[Event "*** Titled Tuesday Blitz"]
[Site "Chess.com"]
[Date "2020.05.26"]
[Round "8"]
[White "Bubachess1608"]
[Black "TudorAnton"]
[Result "1-0"]
[WhiteElo "2322"]
[BlackElo "2439"]
[TimeControl "180+1"]
[EndTime "11:37:58 PDT"]
[Termination "Bubachess1608 won by resignation"]

1. e4 e5 2. Bc4 Nf6 3. d3 Bc5 4. Nf3 d6 5. O-O Nc6 6. Bb3 Bg4 7. c3 a5 8. a4 O-O 9. h3 Bh5 10. Nbd2 Qb8 11. Re1 Qa7 12. Qe2 Ne7 13. Nf1 Ng6 14. g4 Nxg4 15. hxg4 Bxg4 16. N1h2 Bh5 17. d4 exd4 18.
cxd4 Bxd4 19. Be3 Bb6 20. Qb5 Bxe3 21. Rxe3 Bxf3 22. Nxf3 Rae8 23. Rc1 c6 24. Qh5 Re7 25. Ng5 h6 26. Qxg6 hxg5 27. Rh3 1-0

[Event "*** Titled Tuesday Blitz"]
[Site "Chess.com"]
[Date "2020.05.26"]
[Round "8"]
[White "CzechmVIII"]
[Black "FMalexhdez"]
[Result "0-1"]
[WhiteElo "2150"]
[BlackElo "2067"]
[TimeControl "180+1"]
[EndTime "11:38:06 PDT"]
[Termination "FMalexhdez won by resignation"]

1. e4 c5 2. Nf3 d6 3. Nc3 Nf6 4. d4 cxd4 5. Nxd4 a6 6. Bg5 e6 7. f4 Be7 8. Qf3 Qc7 9. O-O-O Nbd7 10. g4 b5 11. Bxf6 Nxf6 12. g5 Nd7 13. a3 Bb7 14. Bh3 O-O-O 15. Bxe6 fxe6 16. Nxe6 Qb6 17. Nd5 Bxd5 18.
exd5 Rde8 19. Rd3 Nc5 20. Nxc5 dxc5 21. d6 Bxd6 22. Rhd1 Rd8 23. Qa8+ Kc7 24. Qd5 Bxf4+ 0-1

[Event "*** Titled Tuesday Blitz"]
[Site "Chess.com"]
[Date "2020.05.26"]
[Round "8"]
[White "grzechu96"]
[Black "angryhorse9"]
[Result "1-0"]
[WhiteElo "2619"]
[BlackElo "2467"]
[TimeControl "180+1"]
[EndTime "11:38:10 PDT"]
[Termination "grzechu96 won by resignation"]

1. e4 c5 2. Nf3 Nc6 3. Bb5 g6 4. Bxc6 bxc6 5. d4 cxd4 6. Qxd4 Nf6 7. e5 Nd5 8. c4 Nc7 9. O-O Bg7 10. Qh4 Ne6 11.
Nc3 O-O 12. Bh6 f6 13. Bxg7 Kxg7 14. exf6+ exf6 15. Rad1 Qb6 16. b3 a5 17. Qg3 Rf7 18.
Rd2 Bb7 19. Na4 Qb4 20. Qd6 Re8 21. Rfd1 Nf8 22. Qxb4 axb4 23. Nc5 Bc8 24. Nd3 Bb7 25. Nxb4 c5 26. Nd5 Ne6 27. Kf1 Ra8 28. Nb6 Bxf3 29.
gxf3 Ra6 30. Nxd7 Rc6 31. Rd6 Nd4 32. R1xd4 1-0

[Event "*** Titled Tuesday Blitz"]
[Site "Chess.com"]
[Date "2020.05.26"]
[Round "8"]
[White "Semen_Khanin"]
[Black "Infernal_XaM"]
[Result "0-1"]
[WhiteElo "2709"]
[BlackElo "2839"]
[TimeControl "180+1"]
[EndTime "11:38:14 PDT"]
[Termination "Infernal_XaM won by resignation"]

1. e4 e5 2. Nf3 Nf6 3. Nxe5 Nxe4 4. Qe2 Qe7 5. Qxe4 d6 6. d4 dxe5 7. dxe5 Nc6 8. Nc3 Qxe5 9. Qxe5+ Nxe5 10. Bf4 Bd6 11.
Bg3 f6 12. Nb5 Bb4+ 13. c3 Ba5 14. O-O-O Be6 15. Nd4 Bxa2 16. Re1 O-O-O 17. Bxe5 Rhe8 18. f4 fxe5 19. fxe5 Rxd4 20. Bb5 c6 21. cxd4 Bxe1 22. Rxe1 cxb5 23. Kd2 Bd5 24. Ke3 Kd7 0-1

[Event "*** Titled Tuesday Blitz"]
[Site "Chess.com"]
[Date "2020.05.26"]
[Round "8"]
[White "keepitcool9499"]
[Black "kleinebeer98"]
[Result "1/2-1/2"]
[WhiteElo "2464"]
[BlackElo "2667"]
[TimeControl "180+1"]
[EndTime "11:38:15 PDT"]
[Termination "Game drawn by agreement"]

1. d4 d5 2. c4 Nc6 3. e3 e5 4. dxe5 d4 5. a3 Bf5 6. Nf3 dxe3 7. Qxd8+ Rxd8 8. Bxe3 Nge7 9. Nc3 Ng6 10. Nb5 Kd7 11.
O-O-O+ Kc8 12. Rxd8+ Kxd8 13. Nbd4 Bd7 14. e6 fxe6 15.
Nxc6+ Bxc6 16. Nd4 Bd7 17. Be2 c6 18. Rd1 Kc7 19.
Bg4 Bc5 20. Nxe6+ Bxe6 1/2-1/2

[Event "*** Titled Tuesday Blitz"]
[Site "Chess.com"]
[Date "2020.05.26"]
[Round "8"]
[White "Roza_Idrisova"]
[Black "Aguiar94"]
[Result "0-1"]
[WhiteElo "2161"]
[BlackElo "2434"]
[TimeControl "180+1"]
[EndTime "11:38:16 PDT"]
[Termination "Aguiar94 won by resignation"]

1. d4 Nf6 2. Nf3 c5 3. d5 b5 4. c4 Bb7 5. b3 g6 6. Bb2 Bg7 7. Nbd2 O-O 8. e4 Re8 9. cxb5 Nxe4 10. Bxg7 Nxd2 11. Qxd2 Kxg7 12. Bc4 d6 13. O-O Nd7 14. Rfe1 Nf6 15. h3 a6 16. bxa6 Bxa6 17. Qc3 Bxc4 18. bxc4 Qa5 19. Qxa5 Rxa5 20. Re2 Ra4 21. Rae1 Kf8 22.
Rc2 Rea8 23. Ree2 h6 24. g4 Nd7 25. Kg2 R8a7 26. Ne1 Ne5 27. f4 Nxc4 28. Re4 Nb6 29. Rxa4 Rxa4 30. Rd2 c4 31. Nf3 c3 32. Rc2 Nxd5 33. f5 Ne3+ 0-1

[Event "*** Titled Tuesday Blitz"]
[Site "Chess.com"]
[Date "2020.05.26"]
[Round "8"]
[White "Andreikka"]
[Black "Blitzstream"]
[Result "1-0"]
[WhiteElo "2923"]
[BlackElo "2689"]
[TimeControl "180+1"]
[EndTime "11:38:19 PDT"]
[Termination "Andreikka won by resignation"]

1. d4 d5 2. Nf3 Nf6 3. Bf4 e6 4. e3 Bd6 5. Bg3 O-O 6. Nbd2 b6 7. c3 c5 8. Ne5 Qc7 9. f4 Nfd7 10. Bd3 f6 11. Qh5 f5 12. Qe2 a5 13. Bh4 Ba6 14. g4 Bxd3 15. Qxd3 Nc6 16. gxf5 exf5 17. Rg1 cxd4 18.
exd4 Rae8 19. O-O-O Nb4 20. Qb5 Nf6 21. Bxf6 1-0

[Event "*** Titled Tuesday Blitz"]
[Site "Chess.com"]
[Date "2020.05.26"]
[Round "8"]
[White "Machidon"]
[Black "Gentle_Emperor"]
[Result "1-0"]
[WhiteElo "2502"]
[BlackElo "2315"]
[TimeControl "180+1"]
[EndTime "11:38:22 PDT"]
[Termination "Machidon won by checkmate"]

1. d4 Nf6 2. Nf3 e6 3. c4 d5 4. Nc3 c6 5. e3 Bd6 6. Qc2 Nbd7 7. b3 O-O 8. Be2 b6 9. O-O Bb7 10. e4 dxe4 11. Nxe4 Nxe4 12. Qxe4 Nf6 13. Qh4 h6 14. Rd1 Qe7 15. c5 bxc5 16. Ba3 cxd4 17. Bxd6 Qxd6 18. Rxd4 Qe7 19. Rad1 Nd5 20. Qxe7 Nxe7 21. Rd7 Nd5 22. Rxb7 Nc3 23. Re1 Rfd8 24. Bc4 a5 25. Ne5 a4 26. Nxf7 Rdb8 27. Rxb8+ Rxb8 28. Ne5 axb3 29. Bxe6+ Kh7 30. axb3 Rd8 31. h4 Rd2 32. Bf5+ Kh8 33. Ng6+ Kg8 34. Re8+ Kf7 35. Rf8# 1-0

[Event "*** Titled Tuesday Blitz"]
[Site "Chess.com"]
[Date "2020.05.26"]
[Round "8"]
[White "vanea_03"]
[Black "Malysch"]
[Result "1-0"]
[WhiteElo "2687"]
[BlackElo "2469"]
[TimeControl "180+1"]
[EndTime "11:38:23 PDT"]
[Termination "vanea_03 won by resignation"]

1. d4 Nf6 2. c4 g6 3. Nc3 d5 4. cxd5 Nxd5 5. Na4 Bg7 6. e4 Nb6 7. Nf3 O-O 8. Be3 Nxa4 9. Qxa4 c5 10. Rd1 Bd7 11. Qa3 Qb6 12. Be2 Rd8 13. O-O Nc6 14.
dxc5 Bxb2 15. cxb6 Bxa3 16. bxa7 Nxa7 17. Bb6 Bb5 18. Rxd8+ Rxd8 19. Bxb5 1-0

[Event "*** Titled Tuesday Blitz"]
[Site "Chess.com"]
[Date "2020.05.26"]
[Round "8"]
[White "Chessdemon2019"]
[Black "Meri-Arabidze"]
[Result "0-1"]
[WhiteElo "2326"]
[BlackElo "2590"]
[TimeControl "180+1"]
[EndTime "11:38:24 PDT"]
[Termination "Meri-Arabidze won by checkmate"]

1. e4 c5 2. Nf3 e6 3. Nc3 Nc6 4. Bb5 Nge7 5. O-O a6 6. Be2 d5 7. exd5 Nxd5 8. Nxd5 exd5 9. d4 Be7 10. dxc5 Bxc5 11.
c3 O-O 12. Nd4 Ne5 13. Bf4 Qf6 14. Qd2 Nc4 15. Bxc4 dxc4 16. Bg5 Qg6 17. f4 Bf5 18. Rae1 f6 19. Bh4 Rad8 20. Bf2 Bd3 21. f5 Qh5 22. Ne6 Bd6 23. h3 Bxf1 24. Nxf8 Bd3 25. Ne6 Rc8 26. Qe3 Qxf5 27. Nd4 Qe5 28. Qf3 Qh2# 0-1

[Event "*** Titled Tuesday Blitz"]
[Site "Chess.com"]
[Date "2020.05.26"]
[Round "8"]
[White "Barmen_EV"]
[Black "Colombiano07"]
[Result "0-1"]
[WhiteElo "2386"]
[BlackElo "2283"]
[TimeControl "180+1"]
[EndTime "11:38:24 PDT"]
[Termination "Colombiano07 won by checkmate"]

1. d4 d5 2. c4 Bf5 3. Nc3 e6 4. Qb3 Nc6 5. Qxb7 Nxd4 6. cxd5 Rb8 7. Qxa7 Nf6 8. Qa4+ c6 9. Qc4 Rb4 10. Qxb4 Nc2+ 11.
Kd1 Bxb4 12. e4 Nxe4 13. Kxc2 Nxc3+ 14. Kb3 Nxd5 15. Bc4 Be7 16. Ne2 Qb6+ 17. Ka4 Qb4# 0-1

[Event "*** Titled Tuesday Blitz"]
[Site "Chess.com"]
[Date "2020.05.26"]
[Round "8"]
[White "Sychev_Klementy"]
[Black "chessdjw"]
[Result "1-0"]
[WhiteElo "2869"]
[BlackElo "2713"]
[TimeControl "180+1"]
[EndTime "11:38:25 PDT"]
[Termination "Sychev_Klementy won by resignation"]

1. e4 c5 2. Nf3 d6 3. d4 cxd4 4. Nxd4 Nf6 5. Nc3 a6 6. Bg5 e6 7. f4 Qb6 8. Qd2 Qxb2 9. Rb1 Qa3 10. Be2 Nbd7 11. O-O Be7 12. f5 e5 13. Ne6 fxe6 14.
fxe6 Qc5+ 15. Be3 Qc6 16. exd7+ Bxd7 17. Rb6 Qc7 18. Rxf6 gxf6 19. Nd5 Qb8 20. Bh5+ Kd8 21. Qa5 1-0

[Event "*** Titled Tuesday Blitz"]
[Site "Chess.com"]
[Date "2020.05.26"]
[Round "8"]
[White "Kavyev_Ruslan"]
[Black "Chess_Boxer123"]
[Result "0-1"]
[WhiteElo "2489"]
[BlackElo "2700"]
[TimeControl "180+1"]
[EndTime "11:38:29 PDT"]
[Termination "Chess_Boxer123 won by resignation"]

1. d4 d5 2. c4 c6 3. Nf3 Nf6 4. g3 Bf5 5. Nc3 e6 6. Nh4 Be4 7. f3 Bg6 8. Qb3 Qc7 9. Bf4 Qb6 10. Nxg6 hxg6 11. c5 Qxb3 12. axb3 Nbd7 13. b4 Nh5 14. e3 g5 15. Bc7 Rc8 16. g4 Rxc7 17. gxh5 a6 18. b5 cxb5 19. Bxb5 Rxh5 20. Be2 Rh4 21.
b4 g6 22. b5 Bg7 23. bxa6 bxa6 24. Rxa6 Rxc5 25. dxc5 Bxc3+ 26. Kf2 Nxc5 27. Rc6 Bb4 28. Rb1 Rxh2+ 29. Kf1 Rh1+ 30. Kg2 Rxb1 0-1

[Event "*** Titled Tuesday Blitz"]
[Site "Chess.com"]
[Date "2020.05.26"]
[Round "8"]
[White "Susal_De_Silva"]
[Black "northridgehawk"]
[Result "0-1"]
[WhiteElo "2356"]
[BlackElo "2210"]
[TimeControl "180+1"]
[EndTime "11:38:30 PDT"]
[Termination "northridgehawk won by resignation"]

1. e4 e5 2. Nf3 Nc6 3. Bc4 Nf6 4.
d3 Bc5 5. O-O d6 6. c3 a6 7. Nbd2 Ba7 8. h3 h6 9. Bb3 g5 10. d4 g4 11. dxe5 gxf3 12. exf6 fxg2 13. Kxg2 Ne5 14. f4 Rg8+ 15. Kh2 Ng4+ 16. hxg4 Bxg4 17.
Qe1 Qxf6 18. e5 Qg6 19. exd6+ Be6 20. Qe2 O-O-O 21. Nf3 Qh5+ 0-1

[Event "*** Titled Tuesday Blitz"]
[Site "Chess.com"]
[Date "2020.05.26"]
[Round "8"]
[White "Tall-guy"]
[Black "GMNickPert"]
[Result "0-1"]
[WhiteElo "2152"]
[BlackElo "2661"]
[TimeControl "180+1"]
[EndTime "11:38:31 PDT"]
[Termination "GMNickPert won by resignation"]

1. e4 c5 2. Nf3 Nc6 3. Bb5 g6 4. Bxc6 dxc6 5. d3 Bg7 6. h3 Nf6 7. Nc3 Nd7 8. Be3 e5 9. Qd2 h6 10. O-O b6 11. Nh2 Nf8 12. f4 exf4 13. Bxf4 Ne6 14.
Be3 Nd4 15. Rf2 Be6 16. Raf1 Qe7 17. a3 O-O-O 18. Ne2 g5 19. Ng3 Be5 20. Nf5 Nxf5 21. exf5 Bd5 22. b4 c4 23. Ng4 Bc7 24. a4 f6 25. a5 h5 26. Nh2 g4 27. axb6 axb6 28. hxg4 Bxh2+ 29. Kxh2 hxg4+ 30. Kg1 Qh7 31. Rf4 g3 0-1

[Event "*** Titled Tuesday Blitz"]
[Site "Chess.com"]
[Date "2020.05.26"]
[Round "8"]
[White "hitaman"]
[Black "iwanyu"]
[Result "0-1"]
[WhiteElo "2625"]
[BlackElo "2794"]
[TimeControl "180+1"]
[EndTime "11:38:35 PDT"]
[Termination "iwanyu won by resignation"]

1. e4 e5 2. Nf3 Nc6 3. Bc4 Nf6 4. Ng5 d5 5. exd5 Na5 6. Bb5+ c6 7. dxc6 bxc6 8. Bd3 Nd5 9. Nf3 Bd6 10. Nc3 O-O 11. Be4 f5 12. Bxd5+ cxd5 13. d4 e4 14. Ne5 Ba6 15. Ne2 Rc8 16. c3 Nc4 17. Nxc4 Bxc4 18. g3 Qf6 19. Bf4 Bxf4 20. gxf4 Qh4 21. Qd2 e3 22.
Qxe3 Rce8 23. Ng3 Qxf4 0-1

[Event "*** Titled Tuesday Blitz"]
[Site "Chess.com"]
[Date "2020.05.26"]
[Round "8"]
[White "ehrenfeld"]
[Black "iLuusions"]
[Result "1-0"]
[WhiteElo "2464"]
[BlackElo "2562"]
[TimeControl "180+1"]
[EndTime "11:38:35 PDT"]
[Termination "ehrenfeld won by resignation"]

1. e4 c5 2. d3 Nc6 3. f4 d6 4.
Nf3 g6 5. Be2 Bg7 6. O-O Nf6 7.
Qe1 O-O 8. Qh4 e6 9. c3 Nd7 10. Qh3 Re8 11. Na3 Rb8 12. Nc4 Qc7 13. Ne3 Nf8 14. f5 b5 15. fxg6 fxg6 16. Ng4 e5 17. Nh6+ Kh8 18. Qh4 Ne6 19. Ng5 Nxg5 20. Bxg5 Be6 21.
Bg4 Bxg4 22. Rf7 Qxf7 23. Nxf7+ Kg8 24. Qxg4 Kxf7 25. Qd7+ Ne7 26. Rf1+ 1-0

[Event "*** Titled Tuesday Blitz"]
[Site "Chess.com"]
[Date "2020.05.26"]
[Round "8"]
[White "RobPeresian"]
[Black "yamalchess"]
[Result "0-1"]
[WhiteElo "2313"]
[BlackElo "2498"]
[TimeControl "180+1"]
[EndTime "11:38:37 PDT"]
[Termination "yamalchess won by resignation"]

1. Nf3 f5 2. c4 Nf6 3. b3 g6 4.
Bb2 Bg7 5. h3 d6 6. e3 e5 7. d3 Nc6 8. Be2 O-O 9. g4 fxg4 10.
hxg4 Bxg4 11. Nbd2 Qe7 12. Qc2 e4 13. dxe4 Nb4 14.
Qc3 Nh5 15. Qxb4 Bxb2 16. Rb1 c5 17. Qa4 Bc3 18. Ng1 Bd7 19. Qa3 Qxe4 20. Bxh5 Qxh1 0-1

[Event "*** Titled Tuesday Blitz"]
[Site "Chess.com"]
[Date "2020.05.26"]
[Round "8"]
[White "EfM13"]
[Black "Kate1606"]
[Result "1-0"]
[WhiteElo "2309"]
[BlackElo "1548"]
[TimeControl "180+1"]
[EndTime "11:38:37 PDT"]
[Termination "EfM13 won by resignation"]

1. e4 c5 2. c3 g6 3. d4 cxd4 4. cxd4 d5 5. e5 Bg7 6. Nc3 Nc6 7. Be2 Nh6 8. h3 O-O 9. Nf3 e6 10. Bg5 Qb6 11. Qd2 Nf5 12. Rd1 f6 13. exf6 Bxf6 14.
Bxf6 Rxf6 15. O-O Bd7 16. Na4 Qc7 17. Rc1 Qd6 18. Nc5 b6 19. Nxd7 Qxd7 20. Bb5 Rc8 21. Ne5 Qd6 22. Rxc6 Rxc6 23. Bxc6 Ne7 24. Bb5 Qd8 25.
Rc1 Nf5 26. Bd7 Qe7 1-0

[Event "*** Titled Tuesday Blitz"]
[Site "Chess.com"]
[Date "2020.05.26"]
[Round "8"]
[White "AsselLesbekova"]
[Black "Giraffe_Chess"]
[Result "0-1"]
[WhiteElo "2280"]
[BlackElo "2422"]
[TimeControl "180+1"]
[EndTime "11:38:50 PDT"]
[Termination "Giraffe_Chess won by resignation"]

1. e4 c6 2. d4 d5 3. Nd2 dxe4 4. Nxe4 Nf6 5. Nxf6+ exf6 6. c3 Bd6 7. Bd3 O-O 8. Qf3 Re8+ 9. Ne2 Nd7 10. Be3 Nf8 11. Bf4 Be6 12. c4 Bb4+ 13. Kf1 Bd6 14. Be3 Qd7 15. h3 Rad8 16. g4 Bb8 17. Qg2 b5 18. b3 Ng6 19. Bd2 Nh4 20. Qe4 g6 21. Rg1 Bxc4 22. bxc4 Rxe4 23. Bxe4 bxc4 24. f4 Re8 25.
Bh1 f5 26. Be1 Qe7 27. Nc3 Bxf4 28. Bxh4 Qxh4 29. Bxc6 Qxh3+ 0-1

[Event "*** Titled Tuesday Blitz"]
[Site "Chess.com"]
[Date "2020.05.26"]
[Round "8"]
[White "MathiasWomacka"]
[Black "Karinaa87"]
[Result "1-0"]
[WhiteElo "2404"]
[BlackElo "2526"]
[TimeControl "180+1"]
[EndTime "11:38:51 PDT"]
[Termination "MathiasWomacka won by resignation"]

1. e4 e5 2. Nf3 Nc6 3. Bb5 a6 4. Bxc6 dxc6 5. O-O Bg4 6. h3 h5 7. d3 Qf6 8. Nbd2 g5 9. Nc4 Bxf3 10. Qxf3 Qxf3 11.
gxf3 f6 12. Be3 O-O-O 13. Rfd1 c5 14. c3 Be7 15. d4 cxd4 16. cxd4 exd4 17. Bxd4 Nh6 18.
Ne3 Rd7 19. Nd5 Ng8 20. Rac1 Kd8 21. Nxc7 Bd6 22. Nd5 Rh6 23. Bb6+ Ke8 24. Rc8+ Kf7 25. Ne3 Ne7 26. Rd8 Rxd8 27. Bxd8 Nc8 28. Nf5 Rh8 29. Nxd6+ Nxd6 30. Rxd6 1-0

[Event "*** Titled Tuesday Blitz"]
[Site "Chess.com"]
[Date "2020.05.26"]
[Round "8"]
[White "Supernotar"]
[Black "bmt011"]
[Result "1-0"]
[WhiteElo "2702"]
[BlackElo "2063"]
[TimeControl "180+1"]
[EndTime "11:38:53 PDT"]
[Termination "Supernotar won by resignation"]

1. d4 Nf6 2. c4 e6 3. Nf3 Bb4+ 4.
Nbd2 d5 5. e3 O-O 6. Bd3 b6 7.
O-O Bb7 8. Qe2 Be7 9. e4 dxe4 10. Nxe4 Nbd7 11. b3 Nxe4 12. Bxe4 Bxe4 13. Qxe4 Nf6 14. Qe2 c5 15. Bb2 cxd4 16. Nxd4 Qc7 17. Rad1 a6 18.
Rd3 Rad8 19. Rfd1 Qf4 20. g3 Qh6 21. Kg2 Qg6 22. Nc6 Rde8 23. Nxe7+ Rxe7 24. Ba3 Nh5 25. Qf3 e5 26. R3d2 Re6 27. Bxf8 Rf6 28. Qa8 1-0

[Event "*** Titled Tuesday Blitz"]
[Site "Chess.com"]
[Date "2020.05.26"]
[Round "8"]
[White "MF1966Idrisov"]
[Black "ADODOVE"]
[Result "1-0"]
[WhiteElo "2322"]
[BlackElo "1997"]
[TimeControl "180+1"]
[EndTime "11:38:54 PDT"]
[Termination "MF1966Idrisov won by resignation"]

1. Nf3 Nf6 2. b3 d6 3. d4 Bg4 4. Bb2 Nbd7 5. e3 e5 6. Be2 e4 7. Nfd2 h5 8. c4 g5 9. Nc3 Bh6 10. Ndxe4 Bxe2 11. Qxe2 Qe7 12. Nxf6+ Nxf6 13. O-O-O g4 14.
Kb1 a5 15. Rhe1 a4 16. Nxa4 O-O 17. e4 Nd7 18. Nc3 b5 19. Nd5 Qd8 20. cxb5 c6 21. bxc6 Qa5 22. Bc3 Qa3 23. cxd7 Rfb8 24. Qb2 Qa7 25. f3 Kf8 26. fxg4 hxg4 27. Rf1 Qxd7 28. Rf5 Qe6 29. Qc2 Rb7 30. Rf6 Rxa2 31. Kxa2 Ra7+ 32. Kb2 Qc8 33. Ra1 Qa6 34. Rxa6 Rxa6 35. Rxh6 1-0

[Event "*** Titled Tuesday Blitz"]
[Site "Chess.com"]
[Date "2020.05.26"]
[Round "8"]
[White "Swarajan"]
[Black "Khayala13"]
[Result "1-0"]
[WhiteElo "2145"]
[BlackElo "2316"]
[TimeControl "180+1"]
[EndTime "11:38:55 PDT"]
[Termination "Swarajan won by resignation"]

1. d4 Nf6 2. c4 e6 3. Nf3 b6 4.
g3 Ba6 5. Qc2 c5 6. Bg2 Bb7 7.
d5 exd5 8. Nh4 Nc6 9. O-O Nd4 10. Qd1 Be7 11. cxd5 Bxd5 12. Bxd5 Nxd5 13. e3 Bxh4 14. gxh4 Qxh4 15. exd4 O-O 16. dxc5 Nf6 17. cxb6 Ng4 18.
Bf4 axb6 19. Bg3 Qh3 20. Nc3 Ra5 21. Nd5 Re8 22. Nf4 Qh6 23. Qxg4 Rg5 24. Qh3 Qc6 25.
Qg2 Qf6 26. Rae1 Rc8 27. Nd5 1-0

[Event "*** Titled Tuesday Blitz"]
[Site "Chess.com"]
[Date "2020.05.26"]
[Round "8"]
[White "K_A_S_T_O_R"]
[Black "Sergey85Rodchenkov"]
[Result "1-0"]
[WhiteElo "2717"]
[BlackElo "2520"]
[TimeControl "180+1"]
[EndTime "11:39:00 PDT"]
[Termination "K_A_S_T_O_R won by resignation"]

1. e4 c5 2. Nf3 e6 3. d4 cxd4 4. Nxd4 a6 5. Bd3 Qc7 6. O-O Nf6 7. Qe2 d6 8. f4 Nbd7 9. c4 g6 10. f5 gxf5 11. exf5 e5 12. Ne6 fxe6 13. fxe6 Bg7 14. exd7+ Qxd7 15. Bg5 O-O 16. Nc3 Qg4 17. Qd2 Be6 18. h3 Qd4+ 19. Be3 Qh4 20. Bg5 Qd4+ 21.
Kh2 Bxc4 22. Bxc4+ Qxc4 23. Bxf6 Rxf6 24. Rxf6 Bxf6 25.
Qxd6 Qf4+ 26. Kh1 Rd8 27. Qe6+ Kh8 28. Nd5 Rxd5 29. Qxd5 e4 30. Qf7 1-0